 Dungeon Crawl Stone Soup version 0.30-a0-540-g0af01429fa (webtiles) character file.

Game seed: 6759808522827440469

483 bande the Covered (level 7, 0/44 HPs)
             Began as a Gargoyle Fighter on Dec 26, 2022.
             Was an Initiate of Okawaru.
             Killed by divine providence
             ... invoked by an orc priest
              (10 damage)
             ... on level 5 of the Dungeon.
             The game lasted 00:04:32 (3060 turns).

bande the Covered (Gargoyle Fighter)                Turns: 3060, Time: 00:04:33

Health: 0/44       AC: 20    Str: 26    XL:     7   Next: 12%
Magic:  7/7        EV:  6    Int:  8    God:    Okawaru [......]
Gold:   183        SH:  4    Dex:  9    Spells: 6/6 levels left

rFire   . . .      SeeInvis .    a - +0 war axe
rCold   . . .      Faith    .    c - +0 buckler
rNeg    + . .      Spirit   .    q - +0 plate armour
rPois   ∞          Reflect  .    x - +2 helmet of the Thinker {rPois Str+6 Dex-2}
rElec   +          Harm     .    (no cloak)
rCorr   .          Rampage  .    (no gloves)
Will    .....                    (no boots) Stlth
                                 (no amulet)
HPRegen 0.27/turn                (no ring)
MPRegen 0.10/turn                (no ring)

@: no status effects
A: sickness immunity, AC +4, negative energy resistance 1, electricity
resistance, torment resistance 1, petrification resistance
a: Renounce Religion


You were on level 5 of the Dungeon.
You worshipped Okawaru.
Okawaru was noncommittal.
You visited 1 branch of the dungeon, and saw 5 of its levels.

You collected 183 gold pieces.

Inventory:

Hand Weapons
 a - a +0 war axe (weapon)
 o - a +0 flail
Armour
 c - a +0 buckler (worn)
 q - a +0 plate armour (worn)
 x - the +2 helmet of the Thinker (worn) {rPois Str+6 Dex-2}
   (You found it on level 4 of the Dungeon)

   Str:       It affects your strength (+6).
   Dex:       It affects your dexterity (-2).
   rPois:     It protects you from poison.
Wands
 u - a wand of polymorph (6)
 y - a wand of digging (1)
Scrolls
 b - a scroll of immolation {unknown}
 f - 4 scrolls of teleportation {unknown}
 g - 2 scrolls of enchant weapon {unknown}
 i - 4 scrolls of identify {unknown}
 j - 2 scrolls of poison {unknown}
 m - a scroll of blinking {unknown}
 n - 2 scrolls of fear {unknown}
 p - a scroll of enchant armour {unknown}
 w - a scroll of acquirement {unknown}
Potions
 d - 4 potions of might
 e - a potion of attraction {unknown}
 h - a potion of ambrosia {unknown}
 k - a potion of flight {unknown}
 l - a potion of brilliance {unknown}
 r - 2 potions of haste {unknown}
 s - 2 potions of curing {unknown}
 t - a potion of cancellation {unknown}
 v - a potion of mutation {unknown}


   Skills:
 + Level 4.3 Fighting
 + Level 4.4 Axes
 + Level 4.9 Armour
 + Level 4.2 Shields
 * Level 0.9 Invocations
 * Level 2.1 Evocations


You had 6 spell levels left.
You didn't know any spells.
Your spell library contained the following spells:

 Spells                   Type           Power      Damage    Failure   Level
 Ensorcelled Hibernation  Hex/Ice        0%         N/A       100%        2
 Passwall                 Tmut/Erth      0%         N/A       100%        2
 Gell's Gravitas          Tloc           0%         N/A       100%        3
 Lesser Beckoning         Tloc           0%         N/A       100%        3
 Swiftness                Air            0%         N/A       100%        3
 Teleport Other           Tloc           0%         N/A       100%        3
 Cause Fear               Hex            0%         N/A       100%        4
 Dragon Form              Tmut           0%         N/A       100%        7
 Dragon's Call            Summ           Unusable   N/A       N/A         9

Dungeon Overview and Level Annotations

Branches:
Dungeon (5/15)
 Temple: D:4-7

Altars:
Dithmenos
Gozag
Makhleb
Okawaru
Qazlal
Yredelemnul
Zin


Innate Abilities, Weirdness & Mutations

You are immune to sickness and miasma.
Your stone body is resilient. (AC +4)
You are immune to poison.
You resist negative energy. (rN+)
You are resistant to electric shocks. (rElec)
You are resistant to unholy torment.
You are immune to petrification.


Message History

The orc hits you but does no damage.
The orc wizard moves out of view.
You barely miss the hound.
The hound is moderately wounded.
You hit the orc. The hound bites you but does no damage.
The orc hits you with a +0 war axe. You block the hound's attack.
You barely miss the hound.
The hound is moderately wounded.
You closely miss the orc. The hound barely misses you.
The orc priest calls down the wrath of Beogh upon you.
Beogh smites you! You block the orc's attack.
The hound bites you but does no damage.
You are too injured to fight recklessly!
You are too injured to fight recklessly!
You are too injured to fight recklessly!
You are too injured to fight recklessly!
You are too injured to fight recklessly!
You are too injured to fight recklessly!
You are too injured to fight recklessly!
You are too injured to fight recklessly!
Unknown command.
You hit the orc.
The orc is severely wounded.
You closely miss the hound. The hound bites you but does no damage.
An orc comes into view. It is wielding a +0 mace.
The orc barely misses you. You block the hound's attack.
The orc closely misses you.
The orc priest mumbles some strange prayers to Beogh against you.
Beogh smites you!
* * * LOW HITPOINT WARNING * * *
Unknown command.
The orc shouts!
You slash the orc!
You kill the orc!
Okawaru accepts your kill.
You hit the hound.
You hear a shout!
The hound bites you but does no damage.
The orc priest mumbles some strange prayers to Beogh against you.
Beogh smites you!
You die...

# ########### .. #####
#..........
...####...####.##.......
..........+.............
......... ####.#........
..o..oh.# ####.#........
#...o)@###....#........
+.....('......#........
########'''############
#####...####### ##
....#...###.### #.
.§...#.⌠.##☼.°## #.
..§§.#...#.....# #.
.☼...#...##.§.## #.
.....#...###.### #.


You could see a hound, an orc priest and 2 orcs.

Vanquished Creatures
  Sigmund (D:5)
  An ogre (D:5)
  A scorpion (D:4)
  A howler monkey (D:5)
  A hound (D:5)
  3 gnolls (D:4)
  3 adders
  A dart slug (D:4)
  4 orcs
  8 endoplasms
  2 giant cockroaches
  4 goblins
  4 hobgoblins
  4 jackals (D:3)
  A quokka (D:4)
  7 ball pythons
  2 frilled lizards
  7 kobolds
55 creatures vanquished.

Vanquished Creatures (others)
  2 withered plants (D:4)
2 creatures vanquished.

Grand Total: 57 creatures vanquished

Notes
Turn   | Place    | Note
-------+----------+-------------------------------------------
     0 | D:1      | bande the Gargoyle Fighter began the quest for the Orb.
     0 | D:1      | Reached XP level 1. HP: 14/14 MP: 1/1
   365 | D:1      | Found a faded altar of an unknown god.
   537 | D:2      | Reached XP level 2. HP: 15/19 MP: 2/2
   633 | D:2      | Identified the +0 ring mail of Inevitability {Harm rElec
                  | rC-}
   885 | D:2      | You fall into a shaft and drop 2 floors!
   897 | D:4      | Found a shadowy altar of Dithmenos.
   978 | D:4      | Reached XP level 3. HP: 13/23 MP: 3/3
  1517 | D:3      | Found a burning altar of Makhleb.
  1563 | D:3      | Reached XP level 4. HP: 19/29 MP: 4/4
  1880 | D:4      | Noticed a scorpion
  1887 | D:4      | Killed a scorpion
  1888 | D:4      | Reached XP level 5. HP: 33/33 MP: 5/5
  1902 | D:4      | Reached skill level 1 in Evocations
  1954 | D:4      | Identified the +2 helmet of the Thinker {rPois Str+6 Dex-2}
  1992 | D:4      | Found a basalt altar of Yredelemnul.
  2014 | D:4      | Found a stormy altar of Qazlal.
  2200 | D:4      | Found an opulent altar of Gozag.
  2313 | D:4      | Found a glowing silver altar of Zin.
  2572 | D:5      | Entered Level 5 of the Dungeon
  2636 | D:5      | Noticed Sigmund
  2847 | D:5      | Killed Sigmund
  2848 | D:5      | Reached XP level 6. HP: 38/38 MP: 6/6
  2963 | D:5      | Found an iron altar of Okawaru.
  2980 | D:5      | Became a worshipper of Warmaster Okawaru
  2989 | D:5      | Reached XP level 7. HP: 42/44 MP: 7/7
  3060 | D:5      | Killed from afar by an orc priest

Illustrated notes

Levels and vault maps discovered:
D:1:      mushboom_english_gardens, layout_rooms,
          hellmonk_ecumenical_altar_heavens_door
D:2:      layout_loops_ring
D:3:      layout_basic, mainiacjoe_overflow_boulevard, minmay_fountain_box
D:4:      layout_basic, pdpol_temple_overflow_zin_treasury_gozag_greed,
          grunt_dithmenos_smoke_and_mirrors, yredelemnul_altar_generic,
          grunt_qazlal_sundering, grunt_ministairs_4
D:5:      layout_basic, nemelex_altar_shiori, mainiacjoe_overflow_catwalk,
          uniq_sigmund

Skill      XL: |  1  2  3  4  5  6 |
---------------+-------------------+-----
Axes           | 2 3 4 |  4.4
Armour         | 4 |  4.9
Evocations     | 1 2 |  2.1
Fighting       | 4 |  4.3
Shields        | 4 |  4.2
Invocations    | |  0.9

Action                   |  1- 3 |  4- 6 |  7- 9 || total
-------------------------+-------+-------+-------++-------
Melee: War axe           |    66 |    94 |     8 ||   168
Armor: Chain mail        |    29 |       |       ||    29
       Scale mail        |     1 |       |       ||     1
       Plate armour      |    18 |    78 |     9 ||   105
Dodge: Dodged            |    26 |    26 |     6 ||    58
Block: Buckler           |    15 |    27 |     5 ||    47

Table legend: (Time is in decaauts)
 A = Elapsed time spent in this place.
 B = Non-inter-level travel time spent in this place.
 C = Inter-level travel time spent in this place.
 D = Time resting spent in this place.
 E = Time spent auto-exploring this place.
 F = Levels seen in this place.
 G = Mean time per level.
                   A        B        C        D        E       F      G
               +--------+--------+--------+--------+--------+-----+--------+
         Total |   3127 |   3021 |    106 |    168 |   2225 |   5 |  625.4 |
       Dungeon |   3127 |   3021 |    106 |    168 |   2225 |   5 |  625.4 |
               +--------+--------+--------+--------+--------+-----+--------+

Top non-repeatable levels by time:
     D:4: 989 daAuts
     D:2: 746 daAuts
     D:3: 536 daAuts
     D:1: 524 daAuts
     D:5: 331 daAuts
